 Dungeon Crawl Stone Soup version 0.25.0-9-g26727b657a (webtiles) character file.

Game seed: 14806851025197215816

113 Elvor the Covered (level 4, -2/43 HPs)
             Began as a Deep Dwarf Fighter on June 17, 2020.
             Slain by an ogre
             ... wielding a +0 giant club
              (4 damage)
             ... on level 5 of the Dungeon.
             The game lasted 00:15:18 (1633 turns).

Elvor the Covered (Deep Dwarf Fighter)              Turns: 1633, Time: 00:15:18

Health: -2/43      AC:  9    Str: 20    XL:     4   Next: 65%
Magic:  4/4        EV:  5    Int: 15    God:
Gold:   101        SH:  9    Dex: 12    Spells: 3/3 levels left

rFire    . . .     SeeInvis .   a - +0 war axe
rCold    . . .     Gourm    .   c - +0 kite shield
rNeg     + . .     Faith    .   y - +0 chain mail
rPois    .         Spirit   .   (no helmet)
rElec    .         Reflect  .   (no cloak)
rCorr    .         Harm     .   (no gloves)
MR       .....                  (no boots)
Stlth    ..........             (no amulet)
HPRegen  0.00/turn              g - ring of positive energy
MPRegen  0.09/turn              v - +6 ring of intelligence

@: non-regenerating
A: damage resistance, heal wounds, sense surroundings 1, no regeneration
a: Heal Wounds


You were on level 5 of the Dungeon.
You were hungry.

You visited 1 branch of the dungeon, and saw 4 of its levels.

You collected 101 gold pieces.

Inventory:

Hand Weapons
 a - a +0 war axe (weapon)
 e - a +0 hunting sling
Missiles
 A - 2 javelins (quivered)
Armour
 b - a +0 scale mail
 c - a +0 kite shield (worn)
 y - a +0 chain mail (worn)
Jewellery
 g - a ring of positive energy (left hand)
 v - a +6 ring of intelligence (right hand)
Wands
 t - a wand of iceblast (8)
Scrolls
 h - a scroll of fear {unknown}
 k - 4 scrolls of identify {unknown}
 m - 2 scrolls of fog {unknown}
 n - a scroll of teleportation {unknown}
 o - 4 scrolls of remove curse {unknown}
 p - a scroll of blinking {unknown}
 r - a scroll of immolation {unknown}
 u - a scroll of noise {unknown}
 B - a scroll of amnesia {unknown}
Potions
 d - a potion of might
 i - 4 potions of degeneration {unknown}
 j - a potion of resistance {unknown}
 l - a potion of heal wounds {unknown}
 q - a potion of lignification {unknown}
 s - a potion of haste {unknown}
 w - a potion of flight {unknown}
 x - a potion of mutation {unknown}
Comestibles
 f - 3 rations


   Skills:
 * Level 3.6 Fighting
 + Level 3.3 Axes
 + Level 4.1 Armour
 + Level 0.4 Dodging
 + Level 3.7 Shields


You had 3 spell levels left.
You didn't know any spells.
Your spell library was empty.

Dungeon Overview and Level Annotations

Branches:
Dungeon (5/15)
 Temple: D:4-7

Altars:
Qazlal


Innate Abilities, Weirdness & Mutations

You are resistant to damage.
You can heal yourself by infusing magical energy.
You passively map a small area around you.
You do not regenerate.


Message History

Found a stone staircase leading up.
An ogre comes into view. It is wielding a +0 giant club.
The ogre moves out of view.
The ogre is too close now for your liking.
Throwing (i - inventory)
A - 3 javelins (quivered)
Press: ? - help, Shift-Dir - straight line, f - ogre
Aim: an ogre, wielding a +0 giant club You throw a javelin.
The javelin pierces through the ogre but does no damage.
The ogre hits you with a +0 giant club.
You slice the ogre!!
The ogre is severely wounded.
You block the ogre's attack.
You hit the ogre.
The ogre is severely wounded.
The ogre hits you with a +0 giant club!!
Ouch! That really hurt!
* * * LOW HITPOINT WARNING * * *
You fail to use your ability.
The ogre hits you with a +0 giant club.
You die...

# * .#
##.(## *
###.....#
#.O<..# *
##@#* * *
, ##.## *
, * ##.##
* * ** *
##.##
##.## *
#..# , *
** ##.##
, , *
##..# *
** * *
##..##


You could see an ogre.

Vanquished Creatures
  2 worker ants (D:5)
  3 adders (D:2)
  2 leopard geckos
  An orc (D:3)
  2 giant cockroaches (D:2)
  7 goblins
  5 hobgoblins
  2 quokkas (D:2)
  A ball python (D:3)
  3 bats (D:2)
  4 frilled lizards
  2 kobolds
  3 rats (D:1)
37 creatures vanquished.

Notes
Turn   | Place    | Note
-------+----------+-------------------------------------------
     0 | D:1      | Elvor the Deep Dwarf Fighter began the quest for the Orb.
     0 | D:1      | Reached XP level 1. HP: 20/20 MP: 1/1
   431 | D:1      | You fall into a shaft and drop 1 floor!
   435 | D:2      | Reached XP level 2. HP: 26/28 MP: 2/2
   838 | D:2      | Reached XP level 3. HP: 29/34 MP: 3/3
  1040 | D:2      | Found a stormy altar of Qazlal.
  1287 | D:3      | Found a faded altar of an unknown god.
  1536 | D:3      | You fall into a shaft and drop 2 floors!
  1536 | D:5      | Entered Level 5 of the Dungeon
  1547 | D:5      | Reached skill level 4 in Armour
  1547 | D:5      | Reached XP level 4. HP: 30/42 MP: 4/4
  1628 | D:5      | Noticed an ogre
  1632 | D:5      | HP: 2/43 [ogre/+0 giant club (22)]
  1633 | D:5      | Slain by an ogre

Illustrated notes

Levels and vault maps discovered:
D:1:      minmay_arrival_nine_rooms, layout_basic
D:2:      minmay_evil_eye, layout_rooms, old_standard_altar
D:3:      layout_basic, chequers_ecumenical_altar_simple, first_ration,
          uniq_grinder
D:5:      layout_layer_cave, kennysheep_mini, temple_fountains, uniq_ijyb

Skill      XL: |  1  2  3 |
---------------+----------+-----
Fighting       | 3 |  3.6
Axes           | 3 |  3.3
Armour         | 4 |  4.1
Dodging        | |  0.4
Shields        | |  3.7

Action                   |  1- 3 |  4- 6 || total
-------------------------+-------+-------++-------
Melee: War axe           |   116 |    10 ||   126
Throw: Javelin           |       |     1 ||     1
 Abil: Heal Wounds       |     1 |       ||     1
  Eat: Chunk             |     2 |       ||     2
Armor: Scale mail        |    43 |       ||    43
       Chain mail        |     3 |     6 ||     9
Dodge: Dodged            |    30 |     1 ||    31
Block: Kite shield       |    59 |     2 ||    61
